 Dungeon Crawl Stone Soup version 0.30.0-5-g1a98f26d00 (webtiles) character file.

Game seed: 18164045336153800911

422 edwardauron the Shooter (level 6, -3/51 HPs)
             Began as a Demonspawn Hunter on May 13, 2023.
             Killed by divine providence
             ... invoked by an orc priest
              (10 damage)
             ... on level 4 of the Dungeon.
             The game lasted 00:04:33 (2874 turns).

edwardauron the Shooter (Demonspawn Hunter)         Turns: 2874, Time: 00:04:34

Health: -3/51      AC:  8    Str: 16    XL:     6   Next: 63%
Magic:  6/6        EV: 12    Int:  9    God:
Gold:   63         SH:  0    Dex: 17    Spells: 5/5 levels left

rFire   + . .        a - +2 shortbow
rCold   . . .        (shield currently unavailable)
rNeg    . . .        f - +1 leather armour {rF+}
rPois   +            (helmet restricted)
rElec   .            (no cloak)
rCorr   .            e - +0 pair of gloves
SInv    .            j - +2 pair of boots
Will    .....        (no amulet)
Stlth   ++           (no ring)
HPRegen 0.28/turn    (no ring)
MPRegen 0.10/turn

%: no passive effects
@: no status effects
A: demonic magic 2, horns 1, poison resistance, strong 1
a: no special abilities


You were on level 4 of the Dungeon.
You visited 1 branch of the dungeon, and saw 4 of its levels.

You collected 63 gold pieces.

Inventory:

Hand Weapons
 a - a +2 shortbow (weapon)
 h - a +2 whip of pain
Armour
 e - a +0 pair of gloves (worn)
 f - a +1 leather armour of fire resistance (worn)
 j - a +2 pair of boots (worn)
Magical Staves
 i - a staff of earth
Scrolls
 b - 5 scrolls of immolation
Potions
 c - 5 potions of brilliance
 d - 2 potions of haste
 g - 2 potions of magic
 l - 2 potions of curing {unknown}


   Skills:
 + Level 5.2 Fighting
 + Level 5.7 Ranged Weapons
 - Level 1.7 Dodging
 - Level 0.8 Stealth


You had 5 spell levels left.
You didn't know any spells.
Your spell library was empty.

Dungeon Overview and Level Annotations

Branches:
Dungeon (4/15)
 Temple: D:4-7

Altars:


Innate Abilities, Weirdness & Mutations

Spells you cast may paralyse nearby enemies.
You have a pair of small horns on your head.
Your system is resistant to poisons. (rPois)
Your muscles are strong. (Str +4, Int/Dex -1)


Message History

The orc closely misses you. The orc hits you with a +0 dagger.
The orc hits you with a +0 hand axe.
You shoot an arrow. The arrow hits the orc.
You kill the orc!
The orc priest invokes the aid of Beogh against you.
Pain shoots through your body! The orc hits you with a +0 hand axe.
You are too injured to fight recklessly!
You are too injured to fight recklessly!
You are too injured to fight recklessly!
Fire: a) +2 shortbow
Press: ? - help, Q - select action Shift-Dir - straight line, f - orc priest
Aim: an orc priest, wielding a +0 hand axe and wearing a +0 leather armour (66% to hit)
You shoot an arrow.
The arrow closely misses the orc priest.
The orc misses you.
The orc priest hits you but does no damage.
The orc barely misses you.
Fire: a) +2 shortbow
Press: ? - help, Q - select action Shift-Dir - straight line, f/p - orc priest
Aim: an orc priest, wielding a +0 hand axe and wearing a +0 leather armour (66% to hit)
You shoot an arrow. The arrow hits the orc priest.
The orc priest is moderately wounded.
The orc closely misses you.
The orc priest hits you with a +0 hand axe.
The orc hits you with a +0 hand axe.
* * * LOW HITPOINT WARNING * * *
Fire: a) +2 shortbow
Press: ? - help, Q - select action Shift-Dir - straight line, f/p - orc priest
Aim: an orc priest, wielding a +0 hand axe and wearing a +0 leather armour (moderately wounded, 66% to hit)
You shoot an arrow. The arrow hits the orc priest.
The orc priest is severely wounded.
The orc hits you but does no damage.
The orc priest hits you with a +0 hand axe.
* * * LOW HITPOINT WARNING * * *
The orc hits you with a +0 hand axe.
* * * LOW HITPOINT WARNING * * *
The orc hits you but does no damage.
The orc priest calls down the wrath of Beogh upon you.
Beogh smites you!
You die...

....##.#.####### #.#...........
######.#.### #.#..######.##
.......#.#.. #######.#..# ###...
######.#.#.# #.......#..# #.....
....##.#.#.#.#.......#..# #.....
....##.#.#.#.#.......#..####.....
....##.#..........)..#...........
....##.###.#.........#..####.....
...###.###......@....#.#...#.....
...###.........ooo...#.#.#.#.....
.......######........#.....#.....
######......#........###.###.....
............#........###.########
#####.......#....................
............#.####)#####.###..###
.#####........ .. ...#......# .#
######.#. ######......#


You could see an orc priest and 2 orcs.

Vanquished Creatures
  A black bear (D:4)
  A hound (D:4)
  3 orc priests
  An iguana (D:4)
  An orc wizard (D:4)
  3 gnolls (D:4)
  3 adders
  3 worms
  A dart slug (D:2)
  8 orcs
  5 ball pythons
  12 endoplasms
  3 giant cockroaches (D:1)
  6 goblins
  7 hobgoblins
  6 jackals
  A quokka (D:3)
  6 bats
  4 frilled lizards
  12 kobolds
  4 rats
91 creatures vanquished.

Notes
Turn   | Place    | Note
-------+----------+-------------------------------------------
     0 | D:1      | edwardauron the Demonspawn Hunter began the quest for the
                  | Orb.
     0 | D:1      | Reached XP level 1. HP: 16/16 MP: 1/1
    59 | D:1      | Gained mutation: Spells you cast may paralyse adjacent
                  | enemies. [demonic ancestry]
    59 | D:1      | Reached XP level 2. HP: 16/23 MP: 2/2
   398 | D:1      | Reached XP level 3. HP: 6/28 MP: 3/3
  1296 | D:2      | Identified the +1 robe of the Present {Will+ Str-4 Dex+4}
  1424 | D:3      | Reached XP level 4. HP: 20/35 MP: 4/4
  1438 | D:3      | HP: 1/37 [quokka (3)]
  1626 | D:3      | Gained mutation: Spells you cast may paralyse nearby
                  | enemies. [demonic ancestry]
  1626 | D:3      | Reached XP level 5. HP: 34/42 MP: 5/5
  1786 | D:3      | Found a faded altar of an unknown god.
  2000 | D:4      | Reached skill level 5 in Ranged Weapons
  2229 | D:4      | Reached XP level 6. HP: 39/49 MP: 6/6
  2622 | D:4      | Gained mutation: You have a pair of small horns on your
                  | head. [potion of mutation]
  2622 | D:4      | Gained mutation: Your muscles are strong. (Str +4, Int/Dex
                  | -1) [potion of mutation]
  2622 | D:4      | Gained mutation: Your system is resistant to poisons.
                  | (rPois) [potion of mutation]
  2771 | D:4      | Reached skill level 5 in Fighting
  2859 | D:4      | Identified the +7 flail of Katido {protect, Will+}
  2874 | D:4      | Killed from afar by an orc priest

Illustrated notes

Levels and vault maps discovered:
D:1:      dpeg_arrival_short_road, layout_loops_ring
D:2:      layout_rooms
D:3:      minmay_spotlight, layout_basic, ebering_ecumenical_altar_mist
D:4:      layout_basic

Skill      XL: |  1  2  3  4  5  6 |
---------------+-------------------+-----
Ranged Weapons | 4 5 |  5.7
Fighting       | 3 4 5 |  5.2
Dodging        | |  1.7
Stealth        | |  0.8

Action                     |  1- 3 |  4- 6 || total
---------------------------+-------+-------++-------
   Fire: Shortbow          |   109 |   136 ||   245
    Use: Scroll            |     3 |     6 ||     9
         Potion            |       |     1 ||     1
 Armour: Leather armour    |    16 |    28 ||    44
  Dodge: Dodged            |    47 |    53 ||   100
